cohdb
Replays
Latest Replays
All Replays
Popular Replays
Top Player Replays
Match Explorer
How It Works
Community
CoH3 Stats
Reddit
Sign in to upload your games and track your stats! →
Sign in with Steam
Match 45908188
Unlisted
Match 45908188
Overview
Messages
Build Orders
End
Selects Australian Defense Battlegroup
Selects Australian Light Infantry Section
Australian Light Infantry Section
Vickers Machine Gun Team
Australian Light Infantry Section
Construct Section Command Post
Infantry Section
Construct Field Infirmary
Construct Platoon Command Post
Humber Armored Car
6-pounder Anti-tank Gun Team
Royal Engineer Section
Selects CMP 15cwt Supply Run
Selects Artillery Trip Wire Flares
Gooral
marcinlab
DrewP
Dillbro
0
0
Comments
sign in to comment!
No comments posted yet!